 Dungeon Crawl Stone Soup version 0.13-a0-2202-g857913d (webtiles) character file.

214 Kae the Firebug (level 4, -5/24 HPs)
             Began as a Tengu Fire Elementalist on July 2, 2013.
             Killed by nerve-wracking pain
             ... invoked by Grinder
              (9 damage)
             ... on Level 3 of the Dungeon.
             The game lasted 00:04:04 (1607 turns).

Kae the Firebug (Tengu Fire Elementalist)           Turns: 1607, Time: 00:04:04

HP  -5/24        AC  2     Str  8      XL: 4   Next: 22%
MP   3/8         EV 12     Int 16      God:
Gold 144         SH  0     Dex 15      Spells:  2 memorised,  3 levels left

Res.Fire  : . . .   See Invis. : .   (no weapon)
Res.Cold  : . . .   Warding    : .   a - +0 robe
Life Prot.: . . .   Conserve   : .   (no shield)
Res.Poison: .       Res.Corr.  : .   (helmet restricted)
Res.Elec. : .       Clarity    : .   (no cloak)
Sust.Abil.: . .     Spirit.Shd : .   (no gloves)
Res.Mut.  : .       Stasis     : .   (boots unavailable)
Res.Rott. : .       Flight     : .   (no amulet)
Saprovore : . . .                    (no ring)
                                     (no ring)

@: mildly poisoned, slightly resistant to hostile enchantments, fairly stealthy
A: beak, talons 3
a: no special abilities


You were on level 3 of the Dungeon.
You were hungry.

You visited 1 branch of the dungeon, and saw 3 of its levels.

You collected 124 gold pieces.

Inventory:

Armour
 a - a +0 robe (worn)
Comestibles
 c - 4 bread rations
 f - a meat ration
Scrolls
 d - 2 scrolls of curse armour {unknown}
 e - 5 scrolls of remove curse {unknown}
 g - a scroll of amnesia {unknown}
 l - 2 scrolls of enchant weapon II {unknown}
 o - a scroll of identify {unknown}
 p - a scroll of teleportation {unknown}
 q - 2 scrolls of magic mapping {unknown}
Potions
 h - a potion of might {unknown}
 i - 2 potions of restore abilities {unknown}
 j - a potion of mutation {unknown}
 k - a potion of confusion {unknown}
 m - a potion of degeneration {unknown}
 n - a potion of brilliance {unknown}
Books
 b - a book of Flames

   Spells                             Type                      Level
   *Flame Tongue                      Conjuration/Fire             1
   *Throw Flame                       Conjuration/Fire             2
   Conjure Flame                      Conjuration/Fire             3
   Inner Flame                        Hexes/Fire                   3
   Sticky Flame                       Conjuration/Fire             4
   Fireball                           Conjuration/Fire             5


   Skills:
 - Level 2.1 Dodging
 - Level 2.0 Stealth
 + Level 1.9 Spellcasting
 * Level 3.1 Conjurations
 * Level 4.3 Fire Magic


You had 3 spell levels left.
You knew the following spells:

 Your Spells              Type           Power        Failure   Level  Hunger
a - Flame Tongue          Conj/Fire      ##...        6%          1    #......
b - Throw Flame           Conj/Fire      ##....       10%         2    ###....


Dungeon Overview and Level Annotations

Branches:
Dungeon (3/27)

Altars:
Nemelex Xobeh

Annotations
D:3 Grinder


Innate Abilities, Weirdness & Mutations

You have a beak for a mouth.
You have claws for feet.


Message History

Casting: Flame Tongue
Confirm with . or Enter, or press ? or * to list all spells.
Aiming: Flame Tongue
Press: ? - help, Shift-Dir - straight line, f - kobold
Aim: a kobold, wielding a dwarven dagger The flame hits the kobold.
You kill the kobold!
Grinder gestures at you. Pain shoots through your body!
* * * LOW HITPOINT WARNING * * *
Casting: Flame Tongue
Confirm with . or Enter, or press ? or * to list all spells.
Aiming: Flame Tongue
Press: ? - help, Shift-Dir - straight line, f - Grinder
Aim: Grinder The flame misses Grinder.
Grinder grins, showing sharp teeth.
Grinder gestures at you. Pain shoots through your body!
You die...

.# ## .# #. .# .#.
... #.# K. # #.# #.#
##.#.# ..
####...@#####.##.#..
+.......)5.%........
####....#####.####..
#..... # #.##.# #.
#.# #. #.. ##. .


You could see Grinder.

Vanquished Creatures
  2 adders
  A giant mite (D:2)
  2 worms (D:2)
  A giant gecko (D:2)
  2 giant cockroaches (D:2)
  2 goblins
  4 hobgoblins
  9 kobolds
  5 bats
  A giant newt (D:1)
  4 rats
33 creatures vanquished.

Vanquished Creatures (others)
  A rat (D:2)
1 creature vanquished.

Grand Total: 34 creatures vanquished

Notes
Turn   | Place    | Note
--------------------------------------------------------------
     0 | D:1      | Kae, the Tengu Fire Elementalist, began the quest for the Orb.
     0 | D:1      | Reached XP level 1. HP: 10/10 MP: 3/3
   200 | D:1      | Reached XP level 2. HP: 12/15 MP: 3/5
   204 | D:1      | Learned a level 2 spell: Throw Flame
   669 | D:2      | Found a sparkling altar of Nemelex Xobeh.
   768 | D:2      | Reached XP level 3. HP: 17/19 MP: 7/7
  1093 | D:2      | Reached skill level 4 in Fire Magic
  1396 | D:2      | Reached XP level 4. HP: 20/24 MP: 8/8
  1605 | D:3      | Noticed Grinder
  1607 | D:3      | Killed from afar by Grinder

Action                   |  1- 3 |  4- 6 || total
-------------------------+-------+-------++-------
Melee: Unarmed           |    40 |       ||    40
 Cast: Flame Tongue      |    46 |    10 ||    56
       Throw Flame       |     1 |       ||     1
 Stab: Sleeping          |     1 |       ||     1
